 Dungeon Crawl Stone Soup version 0.26.1-2-gb8aa6d0cf2 (webtiles) character file.

Game seed: 13638477617480727968

2555 Goaboa the Skirmisher (level 9, -2/120 HPs)
             Began as a Hill Orc Monk on Feb 16, 2021.
             Was an Elder of Makhleb.
             Incinerated by a smoke demon (5 damage)
             ... with a sticky flame
             ... on level 8 of the Dungeon on Feb 17, 2021.
             The game lasted 00:48:06 (9609 turns).

Goaboa the Skirmisher (Hill Orc Monk)               Turns: 9609, Time: 00:48:06

Health: -2/120     AC: 20    Str: 21    XL:     9   Next: 56%
Magic:  21/21      EV:  2    Int: 10    God:    Makhleb [****..]
Gold:   216        SH:  0    Dex: 11    Spells: 8/8 levels left

rFire    . . .     SeeInvis .   t - +7 mace of Contention {vorpal, rN+ Dex+3}
rCold    . . .     Faith    +   m - +2 buckler
rNeg     + + +     Spirit   .   (armour currently unavailable)
rPois    +         Reflect  .   (helmet currently unavailable)
rElec    .         Harm     .   (cloak currently unavailable)
rCorr    .         Rampage  .   (gloves currently unavailable)
Will     .....     NoTele   +   (boots currently unavailable)
Stlth    +.........             i - amulet of faith
HPRegen  0.30/turn              J - ring of magical power
MPRegen  0.17/turn              B - ring "Miacomnup" {AC-4 Str+4 Dex-5} (curse)

@: confused, mighty, lethally poisoned (-2 -> -3), liquid flames, tree-form,
glowing, invisible (but backlit and visible)
A: no striking features
a: Renounce Religion, Minor Destruction, Lesser Servant of Makhleb, Major
Destruction


You were on level 8 of the Dungeon.
You worshipped Makhleb.
Makhleb was greatly pleased with you.
You were a tree.
You visited 2 branches of the dungeon, and saw 9 of its levels.

You collected 416 gold pieces.
You spent 200 gold pieces at shops.

Inventory:

Hand Weapons
 a - a +0 hand axe
 t - the +7 mace of Contention (weapon) {vorpal, rN+ Dex+3}
   (You bought it in a shop on level 8 of the Dungeon)

   It inflicts extra damage upon your enemies.
   It affects your dexterity (+3).
   It protects you from negative energy.
 G - the +8 whip of Qazlal's Displeasure {vamp, rC+ Dex+3}
   (You found it on level 6 of the Dungeon)

   It inflicts no extra harm, but heals its wielder when it wounds a living foe.
   It affects your dexterity (+3).
   It protects you from cold.
Armour
 j - a +0 scale mail (melded)
 l - the +1 pair of boots of the Pure Nights (melded) {rPois rN++ rCorr Dex-4}
   (You found it on level 8 of the Dungeon)

   It affects your dexterity (-4).
   It protects you from poison.
   It greatly protects you from negative energy.
   It provides partial protection from all sources of acid and corrosion.
 m - a +2 buckler (worn)
 q - a +0 pair of boots
 w - a +0 plate armour
 y - a +2 cloak (melded)
 D - a +0 pair of gloves (melded)
 H - a +0 helmet (melded)
Jewellery
 i - an amulet of faith (around neck)
 k - an uncursed ring of wizardry
 B - the cursed ring "Miacomnup" (right branch) {AC-4 Str+4 Dex-5}
   (You found it on level 5 of the Dungeon)

   [ring of protection]

   It affects your AC (-4).
   It affects your strength (+4).
   It affects your dexterity (-5).
   It has a curse placed upon it.
 C - an uncursed amulet of the acrobat
 J - a ring of magical power (left branch)
Wands
 h - a wand of iceblast (10) (quivered)
Scrolls
 c - a scroll of fog {unknown}
 e - a scroll of amnesia
 g - 2 scrolls of enchant weapon
 n - 5 scrolls of remove curse
 o - 2 scrolls of immolation {unknown}
 p - 3 scrolls of magic mapping {unknown}
 s - 2 scrolls of random uselessness {unknown}
 v - a scroll of enchant armour {unknown}
 E - a scroll of noise {unknown}
 F - 2 scrolls of teleportation {unknown}
Potions
 b - a potion of cancellation {unknown}
 f - 3 potions of curing
 r - 3 potions of lignification
 u - 2 potions of brilliance
 x - a potion of flight {unknown}
 A - 2 potions of ambrosia
 I - a potion of magic {unknown}


   Skills:
 + Level 7.7 Fighting
 - Level 6.9(7.6) Axes
 + Level 3.9(5.4) Maces & Flails
 + Level 6.1 Armour
 - Level 2.4 Dodging
 - Level 3.7 Stealth
 + Level 5.9 Shields
 + Level 4.9 Invocations


You had 8 spell levels left.
You didn't know any spells.
Your spell library contained the following spells:

 Spells                   Type           Power        Failure   Level
 Animate Skeleton         Necr           0%           36%         1
 Apportation              Tloc           0%           36%         1
 Beastly Appendage        Tmut           0%           36%         1
 Corona                   Hex            0%           36%         1
 Summon Small Mammal      Summ           0%           36%         1
 Wereblood                Tmut           0%           50%         2
 Spider Form              Tmut/Pois      0%           75%         3
 Ice Form                 Ice/Tmut       0%           98%         4
 Blade Hands              Tmut           0%           100%        5


Dungeon Overview and Level Annotations

Branches:
Dungeon (8/15)             Temple (1/1) D:6
   Lair: D:8-11

Altars:
Ashenzari
Cheibriados
Dithmenos
Elyvilon
Fedhas
Gozag
Hepliaklqana
Kikubaaqudgha
Makhleb
Okawaru
Ru
Sif Muna
Trog
Uskayaw
Vehumet
Xom
Yredelemnul
Zin
The Shining One

Shops:
D:8 (

Annotations:
D:5 Grinder


Message History

The killer bee stings you.
* * * LOW HITPOINT WARNING * * *
The killer bee stings you but does no damage. x3
Unknown command.
It was a potion of ambrosia.
You are confused.
You feel invigorated. The killer bee stings you.
* * * LOW HITPOINT WARNING * * *
The killer bee stings you but does no damage. x2
The killer bee stings you.
* * * LOW HITPOINT WARNING * * *
The killer bee stings you but does no damage. x2
Your smoke demon gestures at the killer bee.
The sticky flame misses the killer bee.
The sticky flame hits you but does no damage.
You are covered in liquid flames!
It was a potion of invisibility.
You become transparent, but the glow from your liquid flames prevents you from becoming completely invisible.
You are covered in liquid flames!
You die...

..##).....#
.###......##
...........##
.##........^#
.###.......##
...##.....##
##.#####..## # .#
#.#...# ### ..[
#....######♣###
.....).##......yyy.#
##....##......3.y###
..## #........## .
#..........# .
#.....#...## .
##...###### ......
.......


You could see 4 killer bees and a friendly smoke demon (summoned).

Vanquished Creatures
  A water moccasin (D:8)
  An orc warrior (D:7)
  An ice beast (D:4)
  A black bear (D:8)
  A phantom (D:4)
  A sky beast (D:6)
  An ogre (D:4)
  A big kobold (D:8)
  Blork the orc (D:5)
  2 bullfrogs (D:6)
  10 killer bees
  A howler monkey (D:4)
  4 wights (D:7)
  A centaur zombie (D:6)
  3 bullfrog zombies
  A hound (D:7)
  A jelly (D:8)
  4 orc priests
  6 orc wizards
  A centaur skeleton (D:8)
  Ijyb (D:3)
  An iguana (D:4)
  6 worker ants
  A killer bee zombie (D:8)
  A hound zombie (D:8)
  A worker ant zombie (D:8)
  11 adders
  A shadow imp (D:6)
  3 white imps
  2 ufetubi (D:6)
  An ooze (D:4)
  An adder skeleton (D:6)
  An adder zombie (D:7)
  A worm (D:3)
  2 dart slugs
  3 leopard geckos
  29 orcs
  2 giant cockroaches
  2 gnoll zombies (D:6)
  4 goblins
  6 hobgoblins
  9 jackals
  3 quokkas
  15 bats
  6 frilled lizards
  A giant cockroach zombie (D:6)
  A jackal skeleton (D:5)
  5 kobolds
  3 rats
166 creatures vanquished.

Vanquished Creatures (others)
  A hobgoblin (D:3)
1 creature vanquished.

Grand Total: 167 creatures vanquished

Notes
Turn   | Place    | Note
-------+----------+-------------------------------------------
     0 | D:1      | Goaboa the Hill Orc Monk began the quest for the Orb.
     0 | D:1      | Reached XP level 1. HP: 19/19 MP: 1/1
   697 | D:2      | Reached XP level 2. HP: 18/27 MP: 2/2
   797 | D:2      | Reached skill level 1 in Armour
   906 | D:2      | Reached skill level 4 in Fighting
  1057 | D:2      | Reached XP level 3. HP: 32/33 MP: 3/3
  1184 | D:2      | Found an iron altar of Okawaru.
  1293 | D:2      | Found a glowing golden altar of the Shining One.
  1381 | D:2      | Reached XP level 4. HP: 35/40 MP: 4/4
  1630 | D:3      | Noticed Ijyb
  1632 | D:3      | Reached skill level 1 in Shields
  2285 | D:3      | Killed Ijyb
  2286 | D:3      | Reached skill level 5 in Axes
  2286 | D:3      | Reached XP level 5. HP: 8/47 MP: 5/5
  3100 | D:4      | Noticed a phantom
  3381 | D:4      | Reached XP level 6. HP: 46/55 MP: 6/6
  3551 | D:4      | Killed a phantom
  3552 | D:4      | Reached skill level 5 in Fighting
  4024 | D:4      | Reached XP level 7. HP: 45/61 MP: 7/7
  4165 | D:5      | Entered Level 5 of the Dungeon
  4168 | D:5      | Got a warped glass ring
  4202 | D:4      | Identified the cursed ring "Miacomnup" {AC-4 Str+4 Dex-5}
                  | (You found it on level 5 of the Dungeon)
  4424 | D:5      | Noticed Blork the orc
  4452 | D:5      | Killed Blork the orc
  5010 | D:5      | Noticed Grinder
  5019 | D:5      | Paralysed by Grinder for 2 turns
  5039 | D:5      | Paralysed by Grinder for 4 turns
  5289 | D:5      | Paralysed by Grinder for 3 turns
  5861 | D:6      | Found a staircase to the Ecumenical Temple.
  5870 | Temple   | Entered the Ecumenical Temple
  6683 | Temple   | Became a worshipper of Makhleb the Destroyer
  6683 | Temple   | Reached * piety under Makhleb
  6683 | Temple   | Reached ** piety under Makhleb
  6722 | D:6      | Reached skill level 6 in Fighting
  6722 | D:6      | Reached XP level 8. HP: 41/70 MP: 8/8
  7146 | D:6      | Reached skill level 1 in Invocations
  7258 | D:6      | Got a steaming whip
  7258 | D:6      | Identified the +8 whip of Qazlal's Displeasure {vamp, rC+
                  | Dex+3} (You found it on level 6 of the Dungeon)
  7551 | D:6      | Found a basalt altar of Yredelemnul.
  7763 | D:7      | Reached skill level 1 in Maces & Flails
  8210 | D:7      | Reached skill level 5 in Armour
  8454 | D:7      | Reached skill level 7 in Fighting
  8454 | D:7      | Reached skill level 5 in Shields
  8454 | D:7      | Reached XP level 9. HP: 72/79 MP: 11/11
  8903 | D:8      | Found Enlafyum's Antique Weapon Emporium.
  8911 | D:8      | Reached *** piety under Makhleb
  8926 | D:8      | Got a pair of dazzling boots
  8936 | D:8      | Identified the +1 pair of boots of the Pure Nights {rPois
                  | rN++ rCorr Dex-4} (You found it on level 8 of the Dungeon)
  8938 | D:8      | Bought a faintly glowing mace for 200 gold pieces
  8938 | D:8      | Identified the +7 mace of Contention {vorpal, rN+ Dex+3}
                  | (You bought it in a shop on level 8 of the Dungeon)
  9443 | D:8      | Reached **** piety under Makhleb
  9607 | D:8      | HP: 5/120 [killer bee (2)]
  9609 | D:8      | Incinerated by a smoke demon

Illustrated notes

Levels and vault maps discovered:
D:1:      saegor_arrival_simple_b, layout_basic
D:2:      layout_basic, lemuel_crystal_altar, nicolae_tso_swordbearing_angel
D:3:      layout_rooms, uniq_ijyb
D:4:      layout_loops_cross, minmay_vboxes
D:5:      layout_rooms, uniq_grinder, uniq_blork_the_orc, uniq_pikel
D:6:      layout_basic, lemuel_zombie_altar_yredelemnul,
          minmay_temple_entry_trees
D:7:      layout_basic
D:8:      minmay_tri_box, layout_cave_pools, serial_shops, shop,
          nicolae_qazlal_general_emergency
Temple:   regret_index_temple_chain_breaker

Skill      XL: |  1  2  3  4  5  6  7  8  9 |
---------------+----------------------------+-----
Armour         | 1 2 3 4 5 6 |  6.1
Fighting       | 4 5 6 7 |  7.7
Shields        | 1 2 3 5 |  5.9
Stealth        | 2 3 |  3.7
Axes           | 5 6 |  6.9
Invocations    | 3 4 |  4.9
Maces & Flails | 2 3 |  3.9
Dodging        | |  2.4

Action                   |  1- 3 |  4- 6 |  7- 9 || total
-------------------------+-------+-------+-------++-------
Melee: Hand axe          |   122 |   269 |   196 ||   587
       Whip              |       |       |   112 ||   112
       Mace              |       |       |   110 ||   110
Invok: Minor Destruction |       |       |    11 ||    11
       Lesser Servant of |       |       |     1 ||     1
  Use: Potion            |       |     3 |     6 ||     9
       Scroll            |       |     6 |     3 ||     9
 Stab: Sleeping          |     3 |       |       ||     3
Armor: Robe              |    38 |       |       ||    38
       Scale mail        |    25 |   116 |   161 ||   302
       Skin              |       |       |    11 ||    11
Dodge: Dodged            |   106 |   102 |   186 ||   394
Block: Buckler           |    14 |    95 |   128 ||   237
